Map: Coda LE

Players

AcerBly (Bly) - Winner!

  • Race: Zerg Zerg
  • Spawn Location: 11:00

PiLiPiLi

  • Race: Protoss Protoss
  • Spawn Location: 5:00

Event: LycanGTV LotV Beta Tournament 1

VOD

Have the link to the VOD?

Description

Time

  • Played on: April 2, 2015, 1:14 p.m.
  • Length: 11:57

All games in this series

Show
View Real Time Build Order
Export as new Build Order

AcerBly Zerg - Winner!

Build Orders: Hatch First, Ravager All-In 

Get SALT Encoding   

  12  0:01  Drone  
  13  0:12  Drone  
  14  0:18  Overlord  
  14  0:34  Extractor  
  14  0:35  Drone  
  15  0:37  Drone x2  
  17  0:52  Drone  
  18  1:01  Hatchery  
  17  1:05  Drone  
  18  1:14  Spawning Pool  
  18  1:16  Drone  
  18  1:20  Drone  
  18  1:23  Extractor  
  18  1:30  Drone  
  19  1:40  Overlord  
  19  2:02  Queen  
  19  2:03  Zergling x4  
  23  2:12  Drone  
  23  2:13  Queen  
  26  2:16  Drone  
  27  2:25  Metabolic Boost, Drone x2  
  27  2:29  Extractor  
  28  2:35  Drone x2  
  30  2:43  Roach Warren  
  29  2:45  Drone  
  29  2:46  Drone  
  31  2:54  Overlord  
  30  3:03  Overlord  
  30  3:19  Overlord  
  30  3:25  Roach x6  
  42  3:34  Overlord  
  41  3:35  Drone x2  
  43  3:48  Zergling x10  
  48  3:57  Spore Crawler  
  48  3:58  Drone x2  
  48  4:02  Ravager x2  
  51  4:03  Ravager  
  51  4:06  Zergling x4  
  54  4:11  Ravager  
  54  4:14  Drone x2  
  54  4:16  Ravager  
  58  4:23  Overlord  
  54  4:48  Zergling x22  
  51  5:06  Zergling x2  
  51  5:07  Zergling x8  
  50  5:15  Roach x2  
  44  5:50  Drone  
  44  5:51  Drone x11  
  55  6:00  Ravager x2  
  59  6:04  Roach x2  
  59  6:05  Lair  
  59  6:10  Hatchery  
  58  6:19  Extractor  
  58  6:20  Drone x3, Extractor  
  58  6:24  Roach  
  58  6:25  Roach x7  
  75  6:30  Overlord  
  72  6:55  Zergling x12  
  72  6:56  Zergling x6  
  72  7:00  Ravager  
  72  7:01  Ravager  
  83  7:05  Overlord, Glial Reconstitution  
  83  7:06  Burrow  
  83  7:10  Overseer  
  83  7:11  Overlord  
  71  7:28  Zergling x20  
  79  7:32  Queen  
  79  7:47  Ravager x7  
  79  7:49  Drone  
  79  7:50  Drone x8  
  95  7:54  Overlord  
  92  8:08  Queen  
  92  8:11  Queen x2  
  91  8:13  Zergling x16  
  75  8:38  Zergling x2  
  75  8:39  Zergling x16  
  84  8:48  Queen  
  84  8:49  Overlord  
  84  8:50  Roach  
  84  8:51  Roach  
  87  9:05  Extractor x2  
  87  9:07  Roach x4  
  93  9:14  Roach  
  93  9:15  Roach x5  
  105  9:18  Hatchery  
  102  9:27  Drone x10  
  112  9:39  Ravager  
  112  9:40  Overlord  
  112  9:41  Overlord x2  
  112  9:44  Overlord  
  113  9:47  Overlord  
  113  9:49  Overlord  
  113  9:54  Spire  
  112  10:01  Ravager x4  
  112  10:02  Ravager x7  
  112  10:06  Drone x8  
  112  10:07  Drone x4  
  135  10:08  Evolution Chamber  
  135  10:09  Overlord  
  135  10:12  Zergling x4  
  136  10:16  Overlord  
  136  10:24  Overlord  
  133  10:33  Roach x5  
  143  10:41  Roach x2  
  143  10:42  Roach x6  
  159  10:44  Overseer x2  
  157  11:05  Roach x6  
  157  11:06  Roach x7  
  157  11:08  Overlord  
  157  11:10  Overlord  
Show
View Real Time Build Order
Export as new Build Order

PiLiPiLi Protoss 

Build Orders: Blink Stalkers 

Get SALT Encoding   

  12  0:10  Pylon  
  12  0:14  Probe  
  13  0:26  Probe (Chrono Boost)  
  14  0:32  Gateway  
  14  0:38  Probe (Chrono Boost)  
  15  0:47  Probe (Chrono Boost)  
  16  0:51  Assimilator  
  16  0:55  Probe (Chrono Boost)  
  17  1:08  Probe (Chrono Boost)  
  18  1:17  Probe (Chrono Boost)  
  19  1:22  Cybernetics Core  
  19  1:25  Probe  
  20  1:37  Probe  
  21  1:43  Pylon  
  21  1:47  Assimilator  
  21  1:49  Probe  
  22  1:56  Nexus  
  23  2:01  Probe (Chrono Boost)  
  23  2:12  Mothership Core (Chrono Boost)  
  25  2:17  Warp Gate (Chrono Boost)  
  25  2:27  Probe (Chrono Boost)  
  26  2:34  Probe (Chrono Boost)  
  27  2:40  Pylon  
  27  2:48  Probe  
  27  2:50  Sentry  
  30  2:59  Forge  
  30  3:00  Probe  
  30  3:01  Gateway  
  31  3:08  Probe  
  32  3:12  Pylon  
  32  3:15  Probe (Chrono Boost)  
  33  3:20  Probe (Chrono Boost)  
  35  3:30  Probe x2 (Chrono Boost)  
  36  3:37  Probe  
  36  3:38  Probe  
  36  3:40  Twilight Council  
  38  3:45  Assimilator  
  38  3:49  Probe (Chrono Boost), Assimilator  
  38  3:50  Probe (Chrono Boost)  
  38  3:55  Robotics Facility  
  40  4:01  Probe (Chrono Boost)  
  40  4:02  Probe (Chrono Boost)  
  42  4:06  Photon Cannon  
  44  4:10  Probe (Chrono Boost)  
  44  4:11  Probe (Chrono Boost)  
  44  4:18  Probe  
  44  4:20  Probe  
  44  4:22  Blink (Chrono Boost)  
  46  4:24  Sentry  
  46  4:30  Probe  
  47  4:32  Probe  
  47  4:37  Sentry  
  48  4:46  Pylon  
  45  5:01  Pylon  
  45  5:02  Probe x2 (Chrono Boost)  
  45  5:04  Immortal  
  45  5:06  Pylon  
  48  5:09  Sentry  
  48  5:14  Probe x2 (Chrono Boost)  
  52  5:23  Probe x2 (Chrono Boost)  
  52  5:26  Protoss Ground Weapons Level 1  
  52  5:31  Probe  
  52  5:34  Sentry  
  48  5:44  Sentry  
  48  5:45  Pylon  
  48  5:47  Probe (Chrono Boost)  
  48  5:48  Probe (Chrono Boost)  
  40  5:58  Zealot  
  40  6:00  Probe (Chrono Boost)  
  44  6:05  Probe (Chrono Boost)  
  44  6:08  Pylon  
  44  6:10  Probe (Chrono Boost)  
  44  6:14  Probe (Chrono Boost)  
  44  6:18  Probe (Chrono Boost), Pylon  
  46  6:21  Sentry  
  46  6:22  Sentry, Probe (Chrono Boost)  
  52  6:26  Probe (Chrono Boost)  
  52  6:29  Gateway  
  52  6:31  Gateway  
  54  6:33  Probe (Chrono Boost)  
  54  6:34  Probe (Chrono Boost)  
  54  6:37  Immortal (Chrono Boost)  
  58  6:40  Probe  
  58  6:41  Probe  
  58  6:46  Gateway  
  60  6:53  Sentry x2, Probe  
  63  6:55  Probe  
  63  6:58  Pylon  
  64  7:05  Probe  
  64  7:06  Pylon  
  65  7:09  Probe  
  65  7:11  Warp Prism (Chrono Boost)  
  66  7:22  Stalker x2  
  66  7:25  Protoss Ground Weapons Level 2 (Chrono Boost)  
  70  7:30  Photon Cannon  
  70  7:32  Photon Cannon  
  70  7:41  Sentry x2  
  70  7:44  Gateway  
  74  7:46  Sentry  
  74  7:48  Stalker  
  78  7:52  Pylon  
  78  7:57  Stalker  
  78  8:00  Pylon  
  78  8:05  Stalker x2  
  74  8:11  Stalker x2  
  70  8:22  Stalker  
  64  8:28  Zealot  
  64  8:29  Zealot  
  52  8:36  Stalker  
  52  8:37  Stalker  
  54  8:48  Gateway  
  54  8:51  Gateway  
  54  8:53  Gateway  
  54  8:55  Stalker  
  54  8:56  Stalker x3  
  61  9:11  Stalker x2  
  65  9:18  Immortal (Chrono Boost)  
  69  9:27  Stalker x3  
  73  9:37  Pylon  
  73  9:47  Sentry  
  73  9:48  Stalker x4  
  73  9:50  Observer (Chrono Boost)  
  84  9:53  Pylon  
  84  9:54  Pylon  
  84  10:02  Stalker, Pylon  
  84  10:03  Stalker x2  
  90  10:07  Sentry  
  90  10:12  Sentry x2  
  96  10:17  Stalker  
  96  10:19  Zealot  
  96  10:20  Zealot x2  
  102  10:33  Stalker x2  
  102  10:34  Stalker  
  102  10:35  Zealot  
  110  10:50  Stalker x3  
  112  11:06  Stalker x2  
  112  11:10  Pylon  
  116  11:27  Pylon  
  116  11:29  Stalker  
  116  11:30  Stalker x4  
  116  11:36  Stalker x3  
  100  11:43  Stalker  
  90  11:53  Zealot x5  

Tags
 
Add a new tag
Caveats
  • Supply blocks, unpowered buildings, or Contaminate may cause inaccurate times.
  • Supply counts are checked every 10 seconds.